 Dungeon Crawl Stone Soup version 0.28-a0-529-g3bad584f25 (webtiles) character file.

Game seed: 3718468335690189257

0 spiderkeys the Skirmisher (level 1, -8/23 HPs)
             Began as a Gnoll Abyssal Knight on Sept 24, 2021.
             Was a Follower of Lugonu.
             Mangled by a tentacled starspawn (29 damage)
             ... on level 3 of the Abyss.
             The game lasted 00:00:56 (331 turns).

spiderkeys the Skirmisher (Gnoll Abyssal Knight)     Turns: 331, Time: 00:00:56

Health: -8/23      AC:  7    Str: 12    XL:     1   Next: 0%
Magic:  3/3        EV: 12    Int:  9    God:    Lugonu [*.....]
Gold:   21         SH:  0    Dex: 12    Spells: 0/0 levels left

rFire   . . .      SeeInvis .   a - +1 spear
rCold   . . .      Faith    .   (no shield)
rNeg    . . .      Spirit   .   b - +0 leather armour
rPois   .          Reflect  .   (no helmet)
rElec   .          Harm     .   (no cloak)
rCorr   .          Rampage  .   (no gloves)
Will    .....                   (no boots)
Stlth   +.........              (no amulet)
HPRegen 0.07/turn               O - +4 ring of protection
MPRegen 0.08/turn               (no ring)

@: no status effects
A: fangs 1, strong nose, distributed training
a: Renounce Religion, Depart the Abyss


You were on level 3 of the Abyss.
You worshipped Lugonu.
Lugonu was aware of your devotion.
You visited 0 branches of the dungeon, and saw 0 of its levels.
You visited the Abyss 1 time.

You collected 21 gold pieces.


Innate Abilities, Weirdness & Mutations

You have very sharp teeth.
Your uncanny sense of smell can sniff out nearby items.
Your experience applies equally to all skills.


   Skills:
 + Level 6.4 Fighting
 + Level 0.0 Short Blades
 + Level 0.0 Long Blades
 + Level 0.0 Axes
 + Level 0.0 Maces & Flails
 + Level 4.4 Polearms
 + Level 0.0 Staves
 + Level 0.0 Slings
 + Level 0.0 Bows
 + Level 0.0 Crossbows
 + Level 0.0 Throwing
 + Level 4.4 Armour
 + Level 2.3 Dodging
 + Level 0.0 Stealth
 + Level 0.0 Shields
 + Level 0.0 Unarmed Combat
 + Level 0.0 Spellcasting
 + Level 0.0 Conjurations
 + Level 0.0 Hexes
 + Level 0.0 Summonings
 + Level 0.0 Necromancy
 + Level 0.0 Translocations
 + Level 0.0 Transmutations
 + Level 0.0 Fire Magic
 + Level 0.0 Ice Magic
 + Level 0.0 Air Magic
 + Level 0.0 Earth Magic
 + Level 0.0 Poison Magic
 + Level 4.4 Invocations
 + Level 0.0 Evocations


You couldn't memorise any spells.
You didn't know any spells.
Your spell library was empty.

Inventory:

Hand Weapons
 a - a +1 spear (weapon)
Armour
 b - a +0 leather armour (worn)
Jewellery
 O - a +4 ring of protection (left hand)
   (You found it on level 3 of the Abyss)
Potions
 c - a potion of attraction {unknown}
 d - a potion of heal wounds {unknown}

Dungeon Overview and Level Annotations

Branches:
Dungeon (0/15)

Altars:

... ##.# .. ∆ #..
.#.##.. ###...
.#...#
#...#.###..#..# ∆
#≈....#.......##
#..≈.♣.....?.... ∆
#≈≈.#..X#$......
##....##.@#....#
##...............#
##...#..#....#...#.
.#.##....$##.....#
#. #..###.# .......
. #.. ### .......
...$ .....#. ...#.
...#.# .... .#..


You could see a tentacled starspawn.


Message History

🤖 Initializing magus.rc ...
Options error: Delay interrupt name "hungry" not recognised. (~/.crawlrc:4988) ✅ Successfully initialized magus.rc [v1.9.10] Welcome, spiderkeys the Gnoll Abyssal Knight.
Will you prevail where others failed? Will you find the Orb of Zot?
Lugonu says: Depart the Abyss and spread corruption, my servant! (use the ability menu to exit the Abyss) Press ? for a list of commands and other information.
Found a corrupted altar of Lugonu.
There is a corrupted altar of Lugonu here.
You are suddenly pulled into a different region of the Abyss!
You now have 9 gold pieces.
Found a corrupted altar of Lugonu.
You are suddenly pulled into a different region of the Abyss!
c - a coppery potion A chaos spawn comes into view.
Found a gateway leading deeper into the Abyss.
There is a gateway leading deeper into the Abyss here.
You plunge deeper into the Abyss.
Found 12 gold pieces.
Found a gateway leading deeper into the Abyss.
d - a fuming sapphire potion
There is a gateway leading deeper into the Abyss here.
You now have 21 gold pieces (gained 12).
There is a gateway leading deeper into the Abyss here.
You plunge deeper into the Abyss.
The abyssal rune of Zot can be found at this depth.
O - a +4 ring of protection
O - a +4 ring of protection (left hand)
A tentacled starspawn comes into view.
Tentacles burst from the starspawn's body! 2 starspawn tentacles come into view.
Unknown command.
Press: ? - help, v - describe, . - travel, g - get item Item here: a runed trident.
The floor.
The starspawn tentacle grabs you.
The starspawn tentacle constricts you. 😕 HP[-3]
You take 3 damage, and now have 20/23 hp.
You escape the starspawn tentacle's grasp. 😕 HP[+1]
The tentacled starspawn bites you!!
Ouch! That really hurt!
You die...

Levels and vault maps discovered:
Abyss:3:  base: Temple, evilmike_abyss_exit_17, hangedman_cross_veins

Notes
Turn   | Place    | Note
-------+----------+-------------------------------------------
     0 | Abyss:1  | spiderkeys the Gnoll Abyssal Knight began the quest for the
                  | Orb.
     0 | Abyss:1  | Reached XP level 1. HP: 23/23 MP: 3/3
     0 | Abyss:1  | magus.rc [v1.9.10]
    69 | Abyss:1  | Found a corrupted altar of Lugonu.
   258 | Abyss:1  | Noticed a chaos spawn
   323 | Abyss:3  | Noticed a tentacled starspawn
   331 | Abyss:3  | Mangled by a tentacled starspawn

Vanquished Creatures (others)
  2 starspawn tentacles (Abyss:3)
2 creatures vanquished.

Table legend:
 A = Non-vault XP
 B = Vault XP
 C = Vault XP percentage of total XP
 D = Non-vault monster count
 E = Vault monster count
 F = Vault count percentage of total count
                 A         B        C        D         E       F
            +---------+---------+-------+---------+---------+-------
      Total |       0 |       0 |   N/A |       0 |       0 |  -nan
            +---------+---------+-------+---------+---------+-------
            +---------+---------+-------+---------+---------+-------

Illustrated notes

Table legend: (Time is in decaauts)
 A = Elapsed time spent in this place.
 B = Non-inter-level travel time spent in this place.
 C = Inter-level travel time spent in this place.
 D = Time resting spent in this place.
 E = Time spent auto-exploring this place.
 F = Levels seen in this place.
 G = Mean time per level.
                   A        B        C        D        E       F      G
               +--------+--------+--------+--------+--------+-----+--------+
         Total |    329 |    329 |      0 |      0 |    230 |   3 |  109.7 |
         Abyss |    329 |    329 |      0 |      0 |    230 |   3 |  109.7 |
               +--------+--------+--------+--------+--------+-----+--------+

Top non-repeatable levels by time:
 Abyss:1: 293 daAuts
 Abyss:2: 24 daAuts
 Abyss:3: 12 daAuts
